 Dungeon Crawl Stone Soup version 0.28-a0-595-g9f6c0e134a (webtiles) character file.

Game seed: 8281341722650663676

6061 robertstho the Thaumaturge (level 11, -7/76 HPs)
             Began as a Djinni Fire Elementalist on Oct 4, 2021.
             Was an Initiate of Gozag.
             Mangled by a boulder beetle (24 damage)
             ... on level 9 of the Dungeon.
             The game lasted 00:15:40 (10617 turns).

robertstho the Thaumaturge (DjFE)                  Turns: 10617, Time: 00:15:40

Health: -7/76      AC:  6    Str:  7    XL:     11   Next: 11%
Gold:   481        EV: 13    Int: 23    God:    Gozag SH:  0 Dex: 20

rFire   + + +      SeeInvis .   d - +7 flail of Ashenzari's Delight {vorpal, Int+2}
rCold   x x .      Faith    .   (no shield)
rNeg    . . .      Spirit   .   a - +1 robe
rPois   ∞          Reflect  .   u - +1 helmet
rElec   .          Harm     .   t - +0 cloak
rCorr   .          Rampage  .   (no gloves)
Will    +....                   (boots unavailable)
Stlth   ++........              x - amulet of the acrobat
HPRegen 0.22/turn               D - ring of the Philosopher {Fire Dex+7 Stlth-}
MPRegen 0.00/turn               (no ring)

@: flying
A: sickness immunity, fire resistance 2, cold vulnerability 1, float, innate
caster, hp casting, extra vitality 1
a: Renounce Religion, Potion Petition, Call Merchant, Bribe Branch


You were on level 9 of the Dungeon.
You worshipped Gozag.
Gozag was aware of your devotion.
You visited 2 branches of the dungeon, and saw 10 of its levels.
You also visited: Bailey.

You collected 952 gold pieces.
You spent 246 gold pieces at shops.
You paid 225 gold pieces to Gozag.

Inventory:

Hand Weapons
 b - a +0 executioner's axe
 d - the +7 flail of Ashenzari's Delight (weapon) {vorpal, Int+2}
   (You took it off a kobold on level 4 of the Dungeon)

   It inflicts extra damage upon your enemies.
   Int:       It affects your intelligence (+2).
Missiles
 l - 2 throwing nets
Armour
 a - a +1 robe (worn)
 t - a +0 cloak (worn)
 u - a +1 helmet (worn)
Jewellery
 x - an amulet of the acrobat (around neck)
 D - the ring of the Philosopher (left hand) {Fire Dex+7 Stlth-}
   (You found it on level 8 of the Dungeon)

   [ring of fire]

   It enhances your fire magic.
   Dex:       It affects your dexterity (+7).
   rF:        It protects you from fire.
   rC:        It makes you vulnerable to cold.
   Stlth:     It makes you less stealthy.
Wands
 i - a wand of paralysis (19)
 k - a wand of acid (5)
 q - a wand of flame (13)
 r - a wand of charming (11)
 v - a wand of polymorph (6)
Scrolls
 e - 3 scrolls of enchant armour
 f - 3 scrolls of vulnerability
 g - a scroll of fog
 j - 3 scrolls of magic mapping
 m - a scroll of silence {unknown}
 o - a scroll of torment
 y - 3 scrolls of identify
 z - a scroll of blinking {unknown}
 B - a scroll of acquirement {unknown}
Potions
 c - 2 potions of resistance
 h - 4 potions of heal wounds
 n - 3 potions of berserk rage
 p - 3 potions of might
 w - a potion of ambrosia {unknown}
 A - a potion of haste {unknown}
 C - a potion of curing
 E - a potion of cancellation {unknown}


   Skills:
 * Level 5.2 Fighting
 + Level 1.5 Maces & Flails
 + Level 3.2 Dodging
 + Level 3.2 Stealth
 * Level 11.4 Spellcasting


You had 6 spell levels left.
You knew the following spells:

 Your Spells              Type           Power      Damage    Failure   Level
a - Foxfire               Conj/Fire      100%       2x1d9     1%          1
b - Scorch                Fire           100%       2d10      1%          2
c - Conjure Flame         Conj/Fire      78%        6-21      1%          3
d - Inner Flame           Hex/Fire       78%        N/A       1%          3
e - Flame Wave            Conj/Fire      78%        3d13      1%          4
f - Sting                 Tmut/Pois      100%       1d8       1%          1
g - Poisonous Vapours     Pois/Air       100%       N/A       1%          2
h - Ozocubu's Armour      Ice            60%        N/A       1%          3
i - Tukima's Dance        Hex            60%        N/A       1%          3
j - Airstrike             Air            30%        N/A       1%          4
Your spell library was empty.

Dungeon Overview and Level Annotations

Branches:
Dungeon (9/15)             Temple (1/1) D:7          Bailey (visited)
   Lair: D:8-11         Orc: D:9-12

Altars:
Cheibriados
Dithmenos
Elyvilon
Fedhas
Gozag
Hepliaklqana
Kikubaaqudgha
Makhleb
Nemelex Xobeh
Qazlal
Sif Muna
Trog
Vehumet
Wu Jian
Xom
Yredelemnul
Zin
The Shining One

Shops:
D:5 ??=   D:8 *

Annotations:
D:4 1 runed translucent door, Crazy Yiuf


Innate Abilities, Weirdness & Mutations

You are immune to sickness and miasma.
You are immune to poison.
Your flesh is very heat resistant. (rF++)
You are vulnerable to cold. (rC-)
You float through the air rather than walking.
You learn spells naturally, not from books.
Your magical power is your life essence.
You have superior vitality. (+4 HP)


Message History

Press: ? - help, Q - select action, (/) - cycle Dir - look around, f - activate You feel a surge of power!
You conjure some foxfire!
The boulder beetle curls into a ball and begins rolling!
The foxfire hits the deep elf pyromancer.
The deep elf pyromancer is lightly wounded.
Casting: Foxfire (safe; 1% risk of failure)
Press: ? - help, Q - select action, (/) - cycle Dir - look around, f - activate You feel a surge of power!
You conjure some foxfire!
The foxfire hits the deep elf pyromancer!
The deep elf pyromancer is moderately wounded.
The foxfire hits the deep elf pyromancer!
The deep elf pyromancer is heavily wounded.
The foxfire hits the boulder beetle but does no damage.
Unknown command.
As you read the scroll of teleportation, it crumbles to dust.
You feel strangely unstable.
The foxfire hits the deep elf pyromancer.
The deep elf pyromancer is severely wounded.
The foxfire hits the deep elf pyromancer.
The deep elf pyromancer is severely wounded.
Unknown command.
Casting: Foxfire (safe; 1% risk of failure)
Confirm with . or Enter, or press ? or * to list all spells.
You feel a surge of power!
Flames lash the deep elf pyromancer.
The deep elf pyromancer is almost dead.
The deep elf pyromancer's fire resistance burns away.
The boulder beetle hits you!!
The boulder beetle stops rolling and uncurls.
Your surroundings suddenly seem different.
A four-headed hydra comes into view.
The four-headed hydra roars!
The boulder beetle curls into a ball and begins rolling!
The boulder beetle hits you!!
* * * LOW HITPOINT WARNING * * *
The boulder beetle stops rolling and uncurls.
There is a stone staircase leading up here.
The manticore flicks its tail.
The volley of spikes misses you. The boulder beetle bites you!!
You die...
Your body crumbles into a pile of gold.

............#....#..........#
.......#..#................#
.........##..............###
.........#..............#### ####
..................#.#....#.# ....
......##............#......##..H.
#.<##.###...........#H.#.H°.#...
#..##.##...............#.#..#'##
##............°B@D##.....###..§#
.#.#.###...............####....#
...#.###........###........###..
......#...........##..#.###.# #
#.##.........#....#.#...# #.###
.##......#.#.##.....#..## #...###
.......##.........#...# ##.....
..........###........### ......
..............#........###.....


You could see a boulder beetle, a four-headed hydra and a manticore.

Vanquished Creatures
  Gastronok (D:8)
  2 hornets
  Grinder (D:6)
  Sigmund (D:4)
  A shadow (D:5)
  Eustachio (D:6)
  Menkaure (D:7)
  3 water moccasins
  An ice beast (D:6)
  3 black bears (D:6)
  5 orc warriors
  3 sky beasts
  2 ogres
  3 necrophages
  A centaur (D:5)
  3 kobold brigands
  A gnoll sergeant (D:6)
  5 scorpions
  2 wyvern zombies
  A water moccasin skeleton (D:5)
  7 killer bees
  2 howler monkeys (D:9)
  A centaur zombie (D:8)
  A jelly (D:8)
  A gnoll shaman (D:8)
  3 orc priests
  3 hounds
  2 centaur skeletons
  3 iguanas
  Natasha (thrice) (D:4)
  2 orc wizards
  A scorpion zombie (D:5)
  A hound zombie (D:5)
  16 gnolls
  A howler monkey skeleton (D:6)
  4 adders
  2 ufetubi
  3 worms
  A dart slug (D:4)
  28 orcs
  5 endoplasms
  3 giant cockroaches
  7 goblins
  9 hobgoblins
  7 quokkas
  5 ball pythons
  11 bats
  7 frilled lizards
  27 kobolds
  6 rats
213 creatures vanquished.

Vanquished Creatures (others)
  436 foxfires
  10 fungi (D:4)
446 creatures vanquished.

Grand Total: 659 creatures vanquished

Notes
Turn   | Place    | Note
-------+----------+-------------------------------------------
     0 | D:1      | robertstho the Djinni Fire Elementalist began the quest for
                  | the Orb.
     0 | D:1      | Reached XP level 1. HP: 15/15 MP: 0/0
   269 | D:1      | Reached XP level 2. HP: 18/21 MP: 0/0
  1292 | D:2      | Reached skill level 3 in Spellcasting
  1292 | D:2      | Reached XP level 3. HP: 11/26 MP: 0/0
  1292 | D:2      | Learned a level 1 spell: Sting
  1601 | D:2      | Found a faded altar of an unknown god.
  2223 | D:3      | Reached XP level 4. HP: 20/31 MP: 0/0
  2374 | D:3      | Reached skill level 1 in Fighting
  2456 | D:3      | Found a white marble altar of Elyvilon.
  2817 | D:3      | Reached XP level 5. HP: 27/37 MP: 0/0
  2817 | D:3      | Learned a level 2 spell: Poisonous Vapours
  2852 | D:4      | Noticed Natasha
  2859 | D:4      | Killed Natasha
  2860 | D:4      | Reached skill level 4 in Spellcasting
  2908 | D:4      | Noticed Natasha
  3083 | D:4      | Killed Natasha
  3186 | D:3      | Reached XP level 6. HP: 12/42 MP: 0/0
  3609 | D:4      | Identified the +7 flail of Ashenzari's Delight {vorpal,
                  | Int+2}
  3895 | D:4      | Reached skill level 5 in Spellcasting
  3899 | D:4      | Reached XP level 7. HP: 26/48 MP: 0/0
  3899 | D:4      | Learned a level 3 spell: Ozocubu's Armour
  4330 | D:4      | Found the +7 Singing Sword {vorpal, sonic wave}
  4595 | D:4      | Noticed Natasha
  4597 | D:4      | Killed Natasha
  4598 | D:4      | Reached skill level 6 in Spellcasting
  4861 | D:4      | Noticed Sigmund
  4869 | D:4      | Killed Sigmund
  4870 | D:4      | Reached XP level 8. HP: 48/55 MP: 0/0
  4982 | D:4      | Found a runed translucent door.
  4983 | D:4      | Noticed Crazy Yiuf
  5217 | D:5      | Entered Level 5 of the Dungeon
  5326 | D:5      | Found Nyffyeme's Magic Scroll Boutique.
  5347 | D:5      | Reached skill level 7 in Spellcasting
  5587 | D:5      | Bought a scroll of identify for 26 gold pieces
  5587 | D:5      | Bought a scroll of teleportation for 39 gold pieces
  5587 | D:5      | Bought a scroll of identify for 26 gold pieces
  5594 | D:5      | Found a glowing golden altar of the Shining One.
  5601 | D:5      | Found a bloodstained altar of Trog.
  5687 | D:5      | Found Ciqamajuarog's Magic Scroll Shop.
  5695 | D:5      | Bought a scroll of identify for 28 gold pieces
  5695 | D:5      | Bought a scroll of identify for 28 gold pieces
  5695 | D:5      | Bought a scroll of identify for 28 gold pieces
  5695 | D:5      | Bought a scroll of identify for 28 gold pieces
  5695 | D:5      | Bought a scroll of identify for 28 gold pieces
  5957 | D:5      | Reached XP level 9. HP: 32/61 MP: 0/0
  5957 | D:5      | Learned a level 3 spell: Tukima's Dance
  6255 | D:5      | Reached skill level 8 in Spellcasting
  6597 | D:5      | Found Coana's Jewellery Emporium.
  6798 | D:6      | Found a stormy altar of Qazlal.
  6986 | D:6      | Noticed Eustachio
  6995 | D:6      | Killed Eustachio
  7036 | D:6      | Reached skill level 9 in Spellcasting
  7323 | D:6      | Noticed Grinder
  7330 | D:6      | Killed Grinder
  7331 | D:6      | Reached skill level 1 in Maces & Flails
  7331 | D:6      | Reached XP level 10. HP: 52/67 MP: 0/0
  8004 | D:7      | Noticed Menkaure
  8010 | D:7      | Killed Menkaure
  8011 | D:7      | Reached skill level 10 in Spellcasting
  8088 | D:7      | Found a flagged portal.
  8099 | Bailey   | Entered a bailey
  8311 | Bailey   | Found a bloodstained altar of Trog.
  8759 | D:7      | Found a sparkling altar of Nemelex Xobeh.
  8848 | D:7      | Found a staircase to the Ecumenical Temple.
  8857 | Temple   | Entered the Ecumenical Temple
  8902 | Temple   | Became a worshipper of Gozag Ym Sagoz the Greedy
  9044 | D:8      | Found Guips's CLEARANCE SALE!.
  9050 | D:8      | Bought a scroll of teleportation for 15 gold pieces
  9244 | D:8      | Found a snail-covered altar of Cheibriados.
  9322 | D:8      | Noticed Gastronok
  9335 | D:8      | Killed Gastronok
  9336 | D:8      | Reached skill level 5 in Fighting
  9336 | D:8      | Reached skill level 11 in Spellcasting
  9346 | D:8      | Identified the ring of the Philosopher {Fire Dex+7 Stlth-}
  9482 | D:8      | Reached XP level 11. HP: 45/76 MP: 0/0
  9482 | D:8      | Learned a level 4 spell: Airstrike
  9650 | D:8      | Found a shadowy altar of Dithmenos.
  9656 | D:8      | Found a burning altar of Makhleb.
 10276 | D:9      | Noticed a manticore
 10276 | D:9      | Noticed a boulder beetle
 10604 | D:9      | Noticed a deep elf pyromancer
 10610 | D:9      | Noticed a four-headed hydra
 10617 | D:9      | Mangled by a boulder beetle

Illustrated notes

Levels and vault maps discovered:
D:1:      lightli_arrival_quake, layout_loops_cross, glass_columns_a,
          amethyst_killhole
D:2:      layout_rooms, dreamdust_ecumenical_altar_angels_and_demons
D:3:      layout_rooms, amcnicky_altar_gilded, elyvilon_altar_1
D:4:      old_forge, layout_loops_ring, uniq_natasha, uniq_crazy_yiuf_cottage,
          uniq_sigmund
D:5:      layout_loops_ring, grunt_temple_overflow_open, serial_shops, shop,
          nicolae_shop_behind_doors, shop, kennysheep_generic_room_15
D:6:      layout_basic, grunt_qazlal_clouds, uniq_grinder, uniq_eustachio
D:7:      layout_basic, nemelex_diamond_rough_becter,
          minmay_temple_entry_overgrown, enter_bailey_7, uniq_menkaure
D:8:      layout_loops_ring, cheibriados_altar_1,
          mainiacjoe_overflow_catwalk_spiral, nicolae_shop_clearance,
          uniq_gastronok
D:9:      minmay_shrinking_squares, layout_layer_cave
Temple:   jpeg_temple_alley_garden

Skill      XL: |  1  2  3  4  5  6  7  8  9 10 |
---------------+-------------------------------+-----
Spellcasting   | 3 4 5 6 7 9 11 | 11.4
Fighting       | 1 2 3 5 |  5.2
Stealth        | 2 3 |  3.2
Maces & Flails | 1 |  1.5
Dodging        | 3 |  3.2

Action                   |  1- 3 |  4- 6 |  7- 9 | 10-12 || total
-------------------------+-------+-------+-------+-------++-------
Melee: Executioner's axe |       |     2 |       |       ||     2
       Flail             |       |       |    11 |     8 ||    19
 Cast: Foxfire           |    80 |    54 |    28 |    97 ||   259
       Scorch            |       |    37 |    80 |    28 ||   145
       Flame Wave        |       |       |    11 |     9 ||    20
       Poisonous Vapours |       |       |       |     3 ||     3
  Use: Scroll            |       |     4 |     9 |     3 ||    16
       Potion            |       |       |     1 |       ||     1
Armor: Robe              |     2 |     4 |    11 |     6 ||    23
Dodge: Dodged            |    15 |    18 |    42 |    44 ||   119

Table legend: (Time is in decaauts)
 A = Elapsed time spent in this place.
 B = Non-inter-level travel time spent in this place.
 C = Inter-level travel time spent in this place.
 D = Time resting spent in this place.
 E = Time spent auto-exploring this place.
 F = Levels seen in this place.
 G = Mean time per level.
                   A        B        C        D        E       F      G
               +--------+--------+--------+--------+--------+-----+--------+
         Total |  10656 |  10454 |    202 |    519 |   8585 |  11 |  968.7 |
       Dungeon |  10220 |  10051 |    169 |    474 |   8333 |   9 | 1135.6 |
        Temple |     78 |     45 |     33 |      0 |     31 |   1 |   78.0 |
        Bailey |    356 |    356 |      0 |     45 |    221 |   1 |  356.0 |
               +--------+--------+--------+--------+--------+-----+--------+

Top non-repeatable levels by time:
     D:4: 1817 daAuts
     D:5: 1400 daAuts
     D:8: 1400 daAuts
     D:3: 1365 daAuts
     D:1: 1265 daAuts
     D:6: 1251 daAuts
     D:2: 770 daAuts
     D:7: 724 daAuts
  Bailey: 356 daAuts
     D:9: 225 daAuts
  Temple: 78 daAuts
